[Event "ICC tourney 2556 (25 5)"]
[Site "Internet Chess Club"]
[Date "2021.05.08"]
[Round "1"]
[White "MUNRO HARTMAN, NADAV:K05-16966336"]
[Black "KEEL, MYLAN:K05-17256996"]
[Result "1-0"]
[ICCResult "Black checkmated"]
[WhiteElo "1046"]
[BlackElo "189"]
[Opening "Queen's pawn game"]
[ECO "D02"]
[NIC "QP.09"]
[Time "11:56:19"]
[PlyCount "75"]
[TimeControl "1500+5"]

1. Nf3 d5 2. d4 Bf5 3. Nc3 Nc6 4. Bf4 e6 5. Nb5 e5 6. Nxe5 Bb4+ 7. c3 Bd6
8. Nxc6 bxc6 9. Nxd6+ cxd6 10. Qa4 Rc8 11. Qxa7 Rc7 12. Qb6 Ne7 13. e3 O-O
14. Qb3 Rd7 15. Be2 Rc7 16. O-O Qd7 17. c4 Rb7 18. Qc3 Rfb8 19. b3 c5 20.
dxc5 dxc5 21. Bxb8 Rxb8 22. cxd5 Nxd5 23. Qxc5 Rc8 24. Qd4 Be6 25. Rfd1 Rd8
26. Rac1 g6 27. Bf3 Kf8 28. Bxd5 Bxd5 29. e4 Be6 30. Qb4+ Ke8 31. Rxd7 Bxd7
32. h3 f5 33. e5 Kf7 34. Rd1 Ke6 35. Qd6+ Kf7 36. Qf6+ Ke8 37. e6 f4 38.
Qf7# { Black checkmated } 1-0

[Event "ICC tourney 2556 (25 5)"]
[Site "Internet Chess Club"]
[Date "2021.05.08"]
[Round "1"]
[White "JAIN, KANISHK:K05-16575412"]
[Black "LIN, LEIA:K05-17110828"]
[Result "0-1"]
[ICCResult "White resigns"]
[WhiteElo "537"]
[BlackElo "1256"]
[Opening "Sicilian defense"]
[ECO "B33"]
[NIC "SI.34"]
[Time "11:30:56"]
[PlyCount "68"]
[TimeControl "1500+5"]

1. e4 c5 2. Nf3 Nc6 3. d4 cxd4 4. Nxd4 Nf6 5. Nc3 e6 6. Be3 Bb4 7. f3 d5 8.
a3 Bxc3+ 9. bxc3 dxe4 10. Bg5 exf3 11. gxf3 h6 12. Bh4 Bd7 13. Bd3 a6 14.
Qd2 Nxd4 15. cxd4 Bc6 16. Qe2 Qxd4 17. Bxf6 Qxf6 18. O-O Rd8 19. Rf2 Qxa1+
20. Rf1 Qd4+ 21. Kh1 Qf4 22. Qg2 Qg5 23. Qf2 Qf6 24. Qg2 Rd5 25. Be4 Rg5
26. Qe2 Bxe4 27. Qxe4 Qe7 28. f4 Rg6 29. Rd1 O-O 30. f5 Rf6 31. Rf1 Qd7 32.
Qh4 exf5 33. Rg1 Qd5+ 34. Rg2 Rg6 { White resigns } 0-1

[Event "ICC tourney 2556 (25 5)"]
[Site "Internet Chess Club"]
[Date "2021.05.08"]
[Round "1"]
[White "D BEAR, NICHOLAS:K05-16056078"]
[Black "BOTHE, NYSA:K05-17073423"]
[Result "1-0"]
[ICCResult "Black checkmated"]
[WhiteElo "1706"]
[BlackElo "815"]
[Opening "Queen's pawn, Mason variation"]
[ECO "D00"]
[NIC "QP.08"]
[Time "11:31:13"]
[PlyCount "69"]
[TimeControl "1500+5"]

1. d4 d5 2. Bf4 Nc6 3. e3 Nf6 4. c4 dxc4 5. Bxc4 Bf5 6. Nc3 e6 7. Nf3 Bb4
8. O-O O-O 9. a3 Bd6 10. Bg5 h6 11. Bh4 Be7 12. Re1 Re8 13. h3 Ne4 14. Bxe7
Qxe7 15. Rc1 Rad8 16. Qe2 Qf6 17. Red1 Qg6 18. Nh4 Nxc3 19. Rxc3 Qg5 20.
Nxf5 exf5 21. Qf3 g6 22. Bb5 Re4 23. Rdc1 f4 24. Qxe4 Rd5 25. Rc5 Rxc5 26.
Rxc5 Qf6 27. Bxc6 bxc6 28. Qxc6 Qe7 29. Qxc7 Qe4 30. Qb8+ Kh7 31. Rc8 g5
32. Rh8+ Kg6 33. Qg8+ Kh5 34. Qxf7+ Kh4 35. Rxh6# { Black checkmated } 1-0

[Event "ICC tourney 2556 (25 5)"]
[Site "Internet Chess Club"]
[Date "2021.05.08"]
[Round "1"]
[White "RATH, RIYAAN:K05-16839392"]
[Black "CHOI, SHAWN:K05-16907434"]
[Result "1/2-1/2"]
[ICCResult "Game drawn by mutual agreement"]
[WhiteElo "605"]
[BlackElo "1354"]
[Opening "Giuoco Pianissimo"]
[ECO "C50"]
[NIC "IG.02"]
[Time "11:31:45"]
[PlyCount "87"]
[TimeControl "1500+5"]

1. e4 e5 2. Nf3 Nc6 3. Bc4 Bc5 4. d3 Nf6 5. Be3 Bb6 6. Nc3 d6 7. h3 Be6 8.
Bb3 Qd7 9. d4 exd4 10. Nxd4 Nxd4 11. Bxd4 Bxd4 12. Qxd4 Bxb3 13. axb3 a6
14. O-O O-O 15. Rfe1 Rfe8 16. Rad1 Rad8 17. Rd3 b5 18. Rg3 Kh8 19. Nd5 Re6
20. Ree3 c5 21. Qd1 Nxe4 22. Rgf3 Ng5 23. Rg3 Ne4 24. Rg4 Nf6 25. Nxf6 Rxf6
26. Rge4 Re6 27. Rxe6 fxe6 28. Qg4 e5 29. Qh4 Rf8 30. Rg3 Qf7 31. Rf3 Qe8
32. Rd3 Rf6 33. Rg3 Qf7 34. Rd3 d5 35. Re3 e4 36. Re2 h6 37. Rd2 Rf4 38.
Qd8+ Kh7 39. Qxd5 e3 40. Qxf7 exd2 41. Qd5 Rd4 42. Qf5+ Kh8 43. Qf8+ Kh7
44. Qf5+ { Game drawn by mutual agreement } 1/2-1/2

[Event "ICC tourney 2556 (25 5)"]
[Site "Internet Chess Club"]
[Date "2021.05.08"]
[Round "1"]
[White "LUO, WESLEY:K05-16424622"]
[Black "VENKATRAMAN, PRANAV:K05-30038361"]
[Result "1-0"]
[ICCResult "Black resigns"]
[WhiteElo "1673"]
[BlackElo "808"]
[Opening "Sicilian"]
[ECO "B56"]
[NIC "SI.03"]
[Time "11:31:13"]
[PlyCount "49"]
[TimeControl "1500+5"]

1. e4 c5 2. Nf3 d6 3. d4 cxd4 4. Nxd4 Nf6 5. Nc3 e5 6. Nb3 Nc6 7. Bg5 Be7
8. Bxf6 Bxf6 9. Bc4 O-O 10. O-O Be6 11. Nd2 Qb6 12. b3 Rac8 13. Bxe6 fxe6
14. Nc4 Qb4 15. Na4 Be7 16. c3 Qb5 17. Nxd6 Bxd6 18. Qxd6 Rfe8 19. c4 Qb4
20. Qxb4 Nxb4 21. Nc3 Nc2 22. Rad1 Nd4 23. f4 Nc6 24. fxe5 Nxe5 25. Nb5 {
Black resigns } 1-0

[Event "ICC tourney 2556 (25 5)"]
[Site "Internet Chess Club"]
[Date "2021.05.08"]
[Round "1"]
[White "BHATTACHARJEE, RIJU:K05-16538876"]
[Black "SONG, BLAISE:K05-17154525"]
[Result "1-0"]
[ICCResult "Black checkmated"]
[WhiteElo "1270"]
[BlackElo "546"]
[Opening "Giuoco Piano"]
[ECO "C54"]
[NIC "IG.02"]
[Time "11:32:00"]
[PlyCount "67"]
[TimeControl "1500+5"]

1. e4 e5 2. Nf3 Nc6 3. Bc4 Bc5 4. c3 Nf6 5. d4 exd4 6. e5 Qe7 7. cxd4 Bb4+
8. Bd2 d5 9. O-O dxc4 10. exf6 Qxf6 11. Bg5 Qf5 12. a3 Bd6 13. Re1+ Be7 14.
d5 f6 15. dxc6 fxg5 16. Nc3 bxc6 17. Nd4 Qf6 18. Qe2 Bd7 19. Rad1 c5 20.
Nd5 Qf7 21. Nxe7 Kf8 22. Ndc6 Bxc6 23. Nxc6 Re8 24. Rd8 Rxd8 25. Nxd8 Qd7
26. Ne6+ Kf7 27. Nxg5+ Kf8 28. Qxc4 Qf5 29. Ne6+ Kf7 30. Nd4+ Kg6 31. Nxf5
Kxf5 32. Qe6+ Kg5 33. Re5+ Kh4 34. Qh3# { Black checkmated } 1-0

[Event "ICC tourney 2556 (25 5)"]
[Site "Internet Chess Club"]
[Date "2021.05.08"]
[Round "1"]
[White "LAYTON KOGAN, YELISEY:K05-17266128"]
[Black "CHANG LIU, NATHAN:K05-16650672"]
[Result "1/2-1/2"]
[ICCResult "Game drawn because neither player has mating material"]
[WhiteElo "759"]
[BlackElo "1575"]
[Opening "Ponziani counter-gambit"]
[ECO "C44"]
[NIC "KP.05"]
[Time "11:32:53"]
[PlyCount "115"]
[TimeControl "1500+5"]

1. e4 e5 2. Nf3 Nc6 3. c3 f5 4. exf5 d5 5. Bb5 e4 6. Bxc6+ bxc6 7. Nd4 c5
8. Qh5+ Ke7 9. Nc6+ Kd7 10. Nxd8 Kxd8 11. d4 Nf6 12. Qe2 Bxf5 13. Bg5 cxd4
14. Bxf6+ gxf6 15. cxd4 Rg8 16. Qa6 Bd6 17. g3 Bh3 18. Nc3 Rb8 19. Nb5 Bb4+
20. Nc3 Rg6 21. a3 Bxc3+ 22. bxc3 f5 23. Qxa7 Rgb6 24. Qa4 Bg2 25. Rg1 Bf3
26. Kd2 Rb2+ 27. Ke3 Re2+ 28. Kf4 Rxf2 29. Ke5 Rb6 30. Qa8+ Ke7 31. Rgf1
Re6+ 32. Kf4 Re2 33. Qxd5 c6 34. Qc5+ Kf7 35. Qxf5+ Rf6 36. Qxf6+ Kxf6 37.
Rae1 Rxh2 38. Ra1 Rc2 39. a4 Rxc3 40. a5 Be2 41. Kxe4+ Bxf1 42. Rxf1+ Ke6
43. Ra1 Rxg3 44. a6 Rg8 45. a7 Ra8 46. Ra6 Kd7 47. Ke5 Kc7 48. Ra1 h5 49.
Kf4 Kb7 50. Kg5 h4 51. Kxh4 Rxa7 52. Rxa7+ Kxa7 53. Kg3 Ka6 54. Kf4 Kb5 55.
Ke4 Kc4 56. Ke5 Kd3 57. Kd6 Kxd4 58. Kxc6 { Game drawn because neither
player has mating material } 1/2-1/2

[Event "ICC tourney 2556 (25 5)"]
[Site "Internet Chess Club"]
[Date "2021.05.08"]
[Round "1"]
[White "DAS, AISHANI:K05-17316275"]
[Black "JAICHAND, RISHAB:K05-16786245"]
[Result "0-1"]
[ICCResult "White checkmated"]
[WhiteElo "469"]
[BlackElo "1188"]
[Opening "Scotch gambit"]
[ECO "C44"]
[NIC "SO.06"]
[Time "11:31:01"]
[PlyCount "82"]
[TimeControl "1500+5"]

1. e4 e5 2. Nf3 Nc6 3. d4 exd4 4. Bc4 d6 5. Nxd4 Nxd4 6. Qxd4 Nf6 7. Nc3 c5
8. Qd1 a6 9. Bg5 h6 10. Bxf6 Qxf6 11. O-O Be6 12. Bxe6 fxe6 13. f4 Be7 14.
Qd3 O-O 15. Rae1 d5 16. exd5 Rad8 17. Rxe6 Qf7 18. Qg3 Bf6 19. Rf3 Rxd5 20.
Nxd5 Qxe6 21. Nxf6+ Qxf6 22. Rf2 Qxb2 23. Re2 Qd4+ 24. Rf2 Qd1+ 25. Rf1
Qxc2 26. Re1 Qxa2 27. Re7 Qb1+ 28. Re1 Qb4 29. Re7 Qd4+ 30. Kh1 Qd1+ 31.
Re1 Qd6 32. Qb3+ Kh8 33. Qxb7 Qxf4 34. h3 a5 35. Re7 Qc1+ 36. Kh2 Qf4+ 37.
Kh1 Qf1+ 38. Kh2 Qf4+ 39. Kg1 Qd4+ 40. Kh2 Qd6+ 41. Kh1 Rf1# { White
checkmated } 0-1

[Event "ICC tourney 2556 (25 5)"]
[Site "Internet Chess Club"]
[Date "2021.05.08"]
[Round "1"]
[White "VINIAK, SAATVIK:K05-16432705"]
[Black "MA, SEAN:K05-16395728"]
[Result "0-1"]
[ICCResult "White checkmated"]
[WhiteElo "672"]
[BlackElo "1446"]
[Opening "QGD semi-Slav"]
[ECO "D43"]
[NIC "SL.03"]
[Time "11:42:01"]
[PlyCount "86"]
[TimeControl "1500+5"]

1. d4 d5 2. c4 c6 3. Nf3 Nf6 4. Nc3 e6 5. Bf4 Be7 6. e3 O-O 7. Bd3 dxc4 8.
Bxc4 b5 9. Be2 Nbd7 10. a4 b4 11. Na2 a5 12. O-O Bb7 13. Nc1 c5 14. dxc5
Bxc5 15. Nd3 Bb6 16. Nde5 Nxe5 17. Nxe5 Qxd1 18. Rfxd1 Rfd8 19. Bf3 Bxf3
20. Nxf3 Rac8 21. h3 Rc2 22. b3 Rc3 23. Rab1 Rxd1+ 24. Rxd1 Rxb3 25. Nd4
Ra3 26. Nb5 Rxa4 27. Nc7 Bxc7 28. Bxc7 Kf8 29. Rd8+ Ke7 30. Rh8 b3 31. Rb8
Rb4 32. Rxb4 axb4 33. Be5 Nd5 34. f4 Nc3 35. Kf2 b2 36. Bxc3 bxc3 37. Kg3
b1=Q 38. f5 c2 39. Kh4 c1=Q 40. e4 Qf4+ 41. g4 Qe1+ 42. Kh5 g6+ 43. fxg6
hxg6# { White checkmated } 0-1

[Event "ICC tourney 2556 (25 5)"]
[Site "Internet Chess Club"]
[Date "2021.05.08"]
[Round "1"]
[White "CHAN MAK, OLIVER:K05-16502861"]
[Black "NIEUWERBURGH, HENRY:K05-16089188"]
[Result "0-1"]
[ICCResult "White resigns"]
[WhiteElo "569"]
[BlackElo "1297"]
[Opening "Giuoco Pianissimo"]
[ECO "C50"]
[NIC "IG.02"]
[Time "11:30:50"]
[PlyCount "172"]
[TimeControl "1500+5"]

1. e4 e5 2. Nf3 Nc6 3. Bc4 Bc5 4. d3 d6 5. Be3 Bb6 6. Nc3 Nf6 7. Qd2 Be6 8.
Bb3 Qd7 9. O-O-O O-O 10. d4 Bxb3 11. axb3 exd4 12. Nxd4 Ne5 13. h3 a5 14.
g4 Bxd4 15. Bxd4 Ng6 16. f4 b5 17. f5 Ne7 18. Qg5 Ne8 19. f6 Ng6 20. h4 h6
21. Qh5 a4 22. bxa4 bxa4 23. g5 Nf4 24. Qf3 Ne6 25. gxh6 Nxd4 26. Rxd4 Nxf6
27. hxg7 Rfb8 28. Qxf6 a3 29. b3 a2 30. Kb2 Qe6 31. Qxe6 fxe6 32. Rg1 e5
33. Rb4 Rxb4 34. Nxa2 Rxe4 35. h5 Rh4 36. Rg5 e4 37. Nc3 e3 38. Ne2 Rh2 39.
Nf4 e2 40. Rg1 e1=Q 41. Rxe1 Kxg7 42. Re7+ Kf6 43. Rxc7 Ke5 44. Nd3+ Ke6
45. Nf4+ Kf5 46. Rf7+ Kg5 47. b4 Rb8 48. Kb3 Kg4 49. c3 Rf2 50. h6 Rxf4 51.
Rg7+ Kh5 52. h7 Rh8 53. b5 Kh6 54. Rd7 Rxh7 55. Rxd6+ Kg5 56. c4 Rf6 57.
Rd5+ Rf5 58. Rd8 Kf6 59. b6 Rb7 60. Rf8+ Ke6 61. Re8+ Kd7 62. Rh8 Rxb6+ 63.
Kc3 Rf3+ 64. Kd4 Rd6+ 65. Kc5 Rf5+ 66. Kb4 Rb6+ 67. Kc3 Kc6 68. Kd4 Rf4+
69. Kc3 Kc5 70. Rh5+ Kd6 71. Rh6+ Kc7 72. Rh7+ Kb8 73. Rh8+ Ka7 74. Rh7+
Rb7 75. Rh5 Rf3+ 76. Kd4 Rd7+ 77. Kc5 Rfd3 78. Kb4 Rb7+ 79. Ka4 Rd1 80.
Ra5+ Kb8 81. Rb5 Ra1+ 82. Kb3 Rxb5+ 83. cxb5 Kb7 84. Kc4 Kb6 85. Kb4 Rb1+
86. Ka4 Rxb5 { White resigns } 0-1

[Event "ICC tourney 2556 (25 5)"]
[Site "Internet Chess Club"]
[Date "2021.05.08"]
[Round "1"]
[White "BHEEMANATHINI, HARSHA:K05-16974817"]
[Black "SHANMUGAM, MEERA:K05-16606945"]
[Result "0-1"]
[ICCResult "White checkmated"]
[WhiteElo "769"]
[BlackElo "1579"]
[Opening "Petrov: classical attack, Chigorin variation"]
[ECO "C42"]
[NIC "RG.06"]
[Time "11:32:44"]
[PlyCount "64"]
[TimeControl "1500+5"]

1. e4 e5 2. Nf3 Nf6 3. Nxe5 d6 4. Nf3 Nxe4 5. d4 d5 6. Bd3 Nc6 7. O-O Be7
8. Re1 Bg4 9. h3 Bxf3 10. Qxf3 Nxd4 11. Qe3 Nf5 12. Qe2 Nfd6 13. Nd2 Nxd2
14. Bxd2 O-O 15. Rad1 Re8 16. Qg4 Bf6 17. Be3 Bxb2 18. Bd4 Bxd4 19. Qxd4 c6
20. Qg4 Qf6 21. Qh5 h6 22. Re3 Rxe3 23. fxe3 Re8 24. Rf1 Qe6 25. Rf3 d4 26.
exd4 Qxa2 27. Rg3 Qa1+ 28. Kh2 Re1 29. Rg4 Rh1+ 30. Kg3 Qe1+ 31. Kf4 Qf2+
32. Ke5 Qf6# { White checkmated } 0-1

[Event "ICC tourney 2556 (25 5)"]
[Site "Internet Chess Club"]
[Date "2021.05.08"]
[Round "1"]
[White "PATEL, DARSH:K05-16084348"]
[Black "MAJUMDAR, ABHI:K05-16196465"]
[Result "0-1"]
[ICCResult "White checkmated"]
[WhiteElo "439"]
[BlackElo "1150"]
[Opening "Caro-Kann: advance variation"]
[ECO "B12"]
[NIC "CK.02"]
[Time "11:30:53"]
[PlyCount "114"]
[TimeControl "1500+5"]

1. e4 c6 2. d4 d5 3. e5 c5 4. dxc5 e6 5. Nf3 Bxc5 6. Bb5+ Bd7 7. Bd3 Nc6 8.
O-O Nge7 9. Nc3 a6 10. Bf4 O-O 11. Qd2 Ng6 12. Bh6 gxh6 13. Qxh6 Be7 14. h4
Bxh4 15. Nxh4 Qxh4 16. Qxh4 Nxh4 17. g3 Nf3+ 18. Kg2 Nfxe5 19. Be2 Nd4 20.
Bh5 Nxc2 21. Rac1 Bc6 22. f3 Ne3+ 23. Kf2 Nxf1 24. Rxf1 Bb5 25. Re1 Nd3+
26. Ke2 Nxe1+ 27. Kxe1 Bd3 28. a4 Kg7 29. f4 Bg6 30. Be2 d4 31. Nd1 Bc2 32.
Nf2 Bxa4 33. Bf3 Bc6 34. Bd1 Rfd8 35. Kd2 d3 36. Bh5 a5 37. g4 f6 38. f5
Be8 39. fxe6 Bxh5 40. gxh5 Re8 41. Nxd3 Rad8 42. Ke2 Rxe6+ 43. Kd2 Rxd3+
44. Kxd3 f5 45. Kd4 f4 46. Kd5 Rb6 47. Ke4 Rxb2 48. Kxf4 a4 49. Kg5 a3 50.
h6+ Kf7 51. Kf5 a2 52. Ke5 a1=Q 53. Kd6 Re2 54. Kc7 Rd2 55. Kb8 Rc2 56.
Kxb7 Qb1+ 57. Ka6 Ra2# { White checkmated } 0-1

[Event "ICC tourney 2556 (25 5)"]
[Site "Internet Chess Club"]
[Date "2021.05.08"]
[Round "1"]
[White "MCGRORY, HARRY:K05-16885873"]
[Black "PUROHIT, VIHAAN:K05-16766058"]
[Result "0-1"]
[ICCResult "White checkmated"]
[WhiteElo "474"]
[BlackElo "1193"]
[Opening "French: Two knights variation"]
[ECO "C00"]
[NIC "FR.01"]
[Time "11:32:07"]
[PlyCount "120"]
[TimeControl "1500+5"]

1. e4 e6 2. Nf3 d5 3. Nc3 Nf6 4. d3 c5 5. g3 Nc6 6. Bg2 Be7 7. Bh3 dxe4 8.
dxe4 Qxd1+ 9. Nxd1 Nxe4 10. O-O Nf6 11. Nc3 b6 12. Bf4 Bb7 13. Nb5 O-O 14.
Nc7 Rad8 15. Rad1 Nb4 16. Ng5 Rxd1 17. Rxd1 Rd8 18. Rxd8+ Bxd8 19. c3 Nh5
20. Ncxe6 Nxf4 21. gxf4 Bxg5 22. fxg5 fxe6 23. Bxe6+ Kf8 24. cxb4 cxb4 25.
h4 Ke7 26. Bf5 h6 27. gxh6 gxh6 28. f4 Kf6 29. Bd3 Bc8 30. Kg2 Be6 31. b3
Bf5 32. Bxf5 Kxf5 33. Kg3 a5 34. h5 b5 35. Kf3 a4 36. bxa4 bxa4 37. Ke3 b3
38. axb3 axb3 39. Kd2 Kxf4 40. Kc3 Kg4 41. Kxb3 Kxh5 42. Kc3 Kg4 43. Kd3
Kg3 44. Ke4 h5 45. Ke3 h4 46. Ke2 Kg2 47. Ke3 h3 48. Kf4 h2 49. Ke4 h1=Q
50. Kf4 Qh5 51. Ke4 Qg5 52. Kd4 Qf5 53. Kc4 Qe5 54. Kb4 Qd5 55. Ka4 Qb7 56.
Ka3 Kf3 57. Ka2 Ke3 58. Ka3 Kd3 59. Ka4 Kc4 60. Ka3 Qb3# { White checkmated
} 0-1

[Event "ICC tourney 2556 (25 5)"]
[Site "Internet Chess Club"]
[Date "2021.05.08"]
[Round "1"]
[White "KAUR, JIND:K05-15724996"]
[Black "NEWELL, LOGAN:K05-17048236"]
[Result "1-0"]
[ICCResult "Black checkmated"]
[WhiteElo "1296"]
[BlackElo "566"]
[Opening "French: Tarrasch, open variation"]
[ECO "C07"]
[NIC "FR.18"]
[Time "11:31:22"]
[PlyCount "103"]
[TimeControl "1500+5"]

1. e4 e6 2. d4 d5 3. Nd2 c5 4. c3 Nc6 5. Ne2 Qb6 6. exd5 exd5 7. Nf3 Nf6 8.
Nf4 Bg4 9. Be3 c4 10. Be2 Ne4 11. Nxd5 Qxb2 12. Bd2 Rd8 13. Ne3 Bxf3 14.
Bxf3 Nxd2 15. Bxc6+ bxc6 16. Nf5 Qxc3 17. Qe2+ Kd7 18. Rd1 Re8 19. Rxd2
Rxe2+ 20. Kxe2 Rg8 21. Rb1 Bb4 22. Rbb2 Re8+ 23. Kd1 Ba3 24. Rb7+ Ke6 25.
Nxg7+ Kd5 26. Rd7+ Ke4 27. Nxe8 Qa1+ 28. Ke2 Bc1 29. Rc2 Qb1 30. Nd6+ Kxd4
31. Nxc4+ Ke4 32. Nd2+ Ke5 33. Nxb1 Bf4 34. Rc5+ Ke6 35. Rxa7 Bd6 36. Rxc6
Kd5 37. Rxd6+ Kxd6 38. Rb7 f5 39. a4 Kc6 40. Rb2 Kc5 41. a5 Kc4 42. a6 Kd4
43. a7 Kc5 44. a8=Q Kc4 45. Qc8+ Kd5 46. Qe8 Kc5 47. Rd2 Kc4 48. Qc8+ Kb3
49. Qc2+ Kb4 50. Rd8 Kb5 51. Rb8+ Ka5 52. Qa2# { Black checkmated } 1-0

[Event "ICC tourney 2556 (25 5)"]
[Site "Internet Chess Club"]
[Date "2021.05.08"]
[Round "1"]
[White "MANIKANDAN, SATHVIK:K05-16940134"]
[Black "PARIZIANU, PHILIP:K05-16138477"]
[Result "0-1"]
[ICCResult "White checkmated"]
[WhiteElo "582"]
[BlackElo "1334"]
[Opening "Giuoco Pianissimo"]
[ECO "C50"]
[NIC "IG.02"]
[Time "11:32:53"]
[PlyCount "110"]
[TimeControl "1500+5"]

1. e4 e5 2. Nf3 Nc6 3. Bc4 Bc5 4. d3 Nf6 5. h3 d6 6. Nc3 Be6 7. b3 h6 8.
Bb2 Qd7 9. Qd2 Nd4 10. Nxd4 Bxd4 11. Bb5 c6 12. Bc4 b5 13. Bxe6 fxe6 14.
O-O O-O 15. Rab1 Nh5 16. Ne2 Bxb2 17. Rxb2 Nf4 18. Nxf4 Rxf4 19. c4 c5 20.
g3 Rf6 21. Kg2 b4 22. Ra1 Raf8 23. Qe3 Qf7 24. Rf1 Rf3 25. Qe1 Rxd3 26. Rd2
Rd4 27. f4 Qf6 28. Rdf2 Qe7 29. fxe5 Rxf2+ 30. Rxf2 dxe5 31. Rd2 Qd7 32.
Re2 Qb7 33. Kf3 Rd7 34. Kg2 Rf7 35. Rf2 Rxf2+ 36. Qxf2 Qxe4+ 37. Kh2 Qc6
38. g4 Qd6 39. Kg2 Qd4 40. Qe2 e4 41. Kf1 Qd3 42. Qxd3 exd3 43. Ke1 e5 44.
Kd2 e4 45. Ke3 Kf7 46. h4 g6 47. g5 h5 48. Kd2 Ke6 49. Ke3 Kf5 50. Kd2 Kf4
51. Kd1 e3 52. Ke1 Kf3 53. a4 bxa3 54. Kf1 a2 55. Ke1 a1=Q# { White
checkmated } 0-1

[Event "ICC tourney 2556 (25 5)"]
[Site "Internet Chess Club"]
[Date "2021.05.08"]
[Round "1"]
[White "ROY, AYUSH:K05-16710940"]
[Black "NANNAPANENI, SAHARSH:K05-16276626"]
[Result "1-0"]
[ICCResult "Black checkmated"]
[WhiteElo "1548"]
[BlackElo "743"]
[Opening "QGD: 3.Nc3"]
[ECO "D31"]
[NIC "QO.17"]
[Time "11:31:53"]
[PlyCount "133"]
[TimeControl "1500+5"]

1. d4 e6 2. c4 d5 3. Nc3 f5 4. cxd5 exd5 5. g3 c6 6. Bg2 Nf6 7. Bg5 Be7 8.
Bxf6 Bxf6 9. Nf3 O-O 10. O-O Nd7 11. Nd2 Be7 12. Qb3 Nf6 13. Rad1 Ne4 14.
Ndxe4 fxe4 15. Nxe4 Kh8 16. Nc3 b6 17. e4 Bb7 18. exd5 cxd5 19. Nxd5 Bxd5
20. Bxd5 Rc8 21. Be6 Rc6 22. d5 Rd6 23. Rfe1 Bg5 24. f4 Bf6 25. Bg4 Re8 26.
Rxe8+ Qxe8 27. Be6 h6 28. Qc2 Rd8 29. b3 h5 30. Qf5 Rb8 31. Bd7 Qe3+ 32.
Kf1 Qf3+ 33. Ke1 Bc3+ 34. Rd2 Qh1+ 35. Ke2 Qg2+ 36. Ke1 Qxd2+ 37. Kf1 Qd1+
38. Kg2 Qe2+ 39. Kh3 Qf1+ 40. Kh4 Bf6+ 41. Kxh5 Qe2+ 42. Kg6 Qxh2 43. Kf7
Qh7 44. Qxh7+ Kxh7 45. Bf5+ Kh8 46. d6 Rd8 47. d7 g6 48. Kxf6 gxf5 49. Ke7
Rg8 50. d8=Q Rxd8 51. Kxd8 Kg7 52. Ke7 Kg6 53. Ke6 a5 54. a4 Kg7 55. Kxf5
Kf7 56. g4 Kg7 57. Ke6 Kg6 58. g5 Kg7 59. f5 Kf8 60. f6 Kg8 61. g6 Kf8 62.
Kd6 Kg8 63. Ke7 Kh8 64. Kf7 b5 65. g7+ Kh7 66. g8=Q+ Kh6 67. Qg6# { Black
checkmated } 1-0

[Event "ICC tourney 2556 (25 5)"]
[Site "Internet Chess Club"]
[Date "2021.05.08"]
[Round "1"]
[White "ODOCHA, GABE:K05-16074734"]
[Black "DUNIKOV, GLIB:K05-16572317"]
[Result "0-1"]
[ICCResult "White forfeits on time"]
[WhiteElo "728"]
[BlackElo "1502"]
[Opening "QP counter-gambit (elephant gambit)"]
[ECO "C40"]
[NIC "KP.10"]
[Time "11:31:13"]
[PlyCount "68"]
[TimeControl "1500+5"]

1. e4 e5 2. Nf3 d5 3. Nc3 dxe4 4. Nxe4 f5 5. Nc3 Nc6 6. Bb5 Bd6 7. Bxc6+
bxc6 8. Qe2 Qe7 9. d3 Nf6 10. Bg5 O-O 11. d4 e4 12. Ne5 Bxe5 13. dxe5 Qxe5
14. Qc4+ Qe6 15. Qxe6+ Bxe6 16. O-O h6 17. Bf4 Rac8 18. f3 Nd5 19. g3 Nxf4
20. gxf4 Bd5 21. fxe4 fxe4 22. Nxd5 cxd5 23. Rad1 c6 24. Kf2 Rxf4+ 25. Kg3
Rxf1 26. Rxf1 Rb8 27. b3 Rf8 28. Rg1 Rf3+ 29. Kg4 Rf2 30. Rg3 Rxc2 31. a4
Rxh2 32. Rc3 d4 33. Rxc6 d3 34. Re6 d2 { White forfeits on time } 0-1

[Event "ICC tourney 2556 (25 5)"]
[Site "Internet Chess Club"]
[Date "2021.05.08"]
[Round "1"]
[White "KANTNER, AARON:K05-16926895"]
[Black "RAJEEV, AMEYA:K05-16305755"]
[Result "1/2-1/2"]
[ICCResult "Game drawn because neither player has mating material"]
[WhiteElo "619"]
[BlackElo "1393"]
[Opening "Queen's pawn game"]
[ECO "A45"]
[NIC "QP.07"]
[Time "11:31:24"]
[PlyCount "128"]
[TimeControl "1500+5"]

1. d4 Nf6 2. Nc3 e6 3. e4 d6 4. Nf3 b6 5. Bc4 Bb7 6. Qd3 Nbd7 7. Bf4 c5 8.
O-O cxd4 9. Nb5 Nc5 10. Qxd4 e5 11. Bxe5 dxe5 12. Qxe5+ Be7 13. Nc7+ Kf8
14. Nxa8 Bxa8 15. Ng5 Qc8 16. Bxf7 Nfxe4 17. Nxe4 Bxe4 18. Bb3 Bf6 19. Qh5
Bg6 20. Qd5 Ke7 21. Rfe1+ Ne4 22. Rxe4+ Bxe4 23. Qxe4+ Kf8 24. Qe6 Qxe6 25.
Bxe6 Bxb2 26. Rd1 Bf6 27. Kf1 Ke7 28. Bh3 h5 29. Rd7+ Kf8 30. Rxa7 g5 31.
Ra8+ Kf7 32. Rxh8 Bxh8 33. Ke2 g4 34. Bxg4 hxg4 35. f3 gxf3+ 36. gxf3 Ke6
37. h3 Kf5 38. Ke3 Be5 39. a4 Bd6 40. c4 Bc5+ 41. Ke2 Kf4 42. h4 Kf5 43.
Kf1 Kg6 44. Kg2 Kh5 45. Kh3 Kg6 46. Kg4 Kf6 47. h5 Be7 48. f4 Kg7 49. f5
Kh6 50. Kf4 Bf6 51. Kg4 Be5 52. Kh4 Bf6+ 53. Kg4 Bg5 54. Kf3 Kxh5 55. Ke4
Bd8 56. Ke5 Kg5 57. Ke6 Bf6 58. Kd6 Kxf5 59. Kc6 Bd4 60. Kb5 Ke6 61. a5
bxa5 62. Kxa5 Kd6 63. Kb5 Bf2 64. c5+ Bxc5 { Game drawn because neither
player has mating material } 1/2-1/2

[Event "ICC tourney 2556 (25 5)"]
[Site "Internet Chess Club"]
[Date "2021.05.08"]
[Round "1"]
[White "JAYAPRAKASH, NANDAN:K05-16292014"]
[Black "J WANG, ALEXANDER:K05-15983386"]
[Result "0-1"]
[ICCResult "White checkmated"]
[WhiteElo "848"]
[BlackElo "2124"]
[Opening "Queen's pawn game"]
[ECO "D02"]
[NIC "QP.08"]
[Time "11:30:44"]
[PlyCount "104"]
[TimeControl "1500+5"]

1. d4 d5 2. Nf3 e6 3. Bf4 Nf6 4. e3 Bd6 5. Bg3 O-O 6. Bd3 b6 7. Nbd2 Bb7 8.
c3 a6 9. Qc2 c5 10. c4 Nc6 11. b3 Nb4 12. Qb1 Rc8 13. a3 Nxd3+ 14. Qxd3 Ne4
15. Be5 f6 16. Bf4 Bxf4 17. exf4 Qc7 18. Qe3 Rfd8 19. O-O Kf7 20. Rac1 Qe7
21. Rfe1 g6 22. a4 a5 23. h3 Kg7 24. dxc5 bxc5 25. Nxe4 dxe4 26. Nd2 Rd3
27. Qe2 f5 28. f3 Qd7 29. fxe4 Rxd2 30. Red1 Qd4+ 31. Kf1 Rxe2 32. Rxd4
cxd4 33. Kxe2 Bxe4 34. Kf2 Kf7 35. Rd1 d3 36. g4 Ke7 37. g5 Kd6 38. Ke3 Kc5
39. Rd2 Kb4 40. Rb2 Kc3 41. Rd2 Kxb3 42. Rxd3+ Bxd3 43. Kxd3 Rxc4 44. Ke3
Rxa4 45. Kf3 Re4 46. h4 a4 47. Kg3 a3 48. h5 a2 49. hxg6 hxg6 50. Kf3 a1=Q
51. Kg3 Qc3+ 52. Kh4 Rxf4# { White checkmated } 0-1

[Event "ICC tourney 2556 (25 5)"]
[Site "Internet Chess Club"]
[Date "2021.05.08"]
[Round "1"]
[White "PEYTON, NATHAN:K05-16452322"]
[Black "OWUSU BOAKYE, KWAME:K05-30105948"]
[Result "1-0"]
[ICCResult "Black checkmated"]
[WhiteElo "1481"]
[BlackElo "713"]
[Opening "Sicilian: Alapin's variation (2.c3)"]
[ECO "B22"]
[NIC "SI.46"]
[Time "11:31:33"]
[PlyCount "105"]
[TimeControl "1500+5"]

1. e4 c5 2. c3 d5 3. exd5 Qxd5 4. d4 cxd4 5. cxd4 Nc6 6. Nf3 Bg4 7. Be2
Bxf3 8. Bxf3 Qd6 9. Be3 e6 10. O-O Nf6 11. Nc3 a6 12. Re1 Be7 13. Rc1 O-O
14. d5 exd5 15. Nxd5 Nxd5 16. Bxd5 Rad8 17. Bxc6 Qxd1 18. Rcxd1 bxc6 19.
Rxd8 Rxd8 20. g3 g6 21. Bb6 Re8 22. Bc5 Kf8 23. Bxe7+ Rxe7 24. Rc1 Re6 25.
Rc5 Ke7 26. Ra5 Kd6 27. Rxa6 Re1+ 28. Kg2 Re7 29. b4 Kd5 30. a3 Rc7 31. Kf3
Kc4 32. Kg4 f5+ 33. Kg5 Kb5 34. Ra5+ Kb6 35. h4 Rg7 36. h5 gxh5+ 37. Kxh5
Rf7 38. Kg5 Rf8 39. Rxf5 Rxf5+ 40. Kxf5 Kb5 41. Ke6 Kb6 42. f4 Kc7 43. Ke7
h5 44. f5 Kc8 45. f6 Kc7 46. f7 Kb6 47. f8=Q Kb5 48. Qf5+ Kb6 49. Qc5+ Kb7
50. Kd7 Kb8 51. Qb6+ Ka8 52. Kxc6 h4 53. Qb7# { Black checkmated } 1-0